 Dungeon Crawl Stone Soup version 0.30.0-15-g856e2d3f33 (webtiles) character file.

Game seed: 16997224449781632989

36 tussin the Skirmisher (level 3, -22/31 HPs)
             Began as a Gnoll Hunter on May 18, 2023.
             Was a Follower of Vehumet.
             Killed by an exploding ball python (35 damage)
             ... ignited by their inner flame
             ... on level 1 of the Dungeon.
             The game lasted 00:09:30 (581 turns).

tussin the Skirmisher (Gnoll Hunter)                 Turns: 581, Time: 00:09:31

Health: -22/31     AC:  3    Str: 10    XL:     3   Next: 37%
Magic:  4/4        EV: 28    Int:  8    God:    Vehumet [*.....]
Gold:   27         SH:  0    Dex: 17    Spells: 3/3 levels left

rFire   . . .        a - +0 shortbow
rCold   . . .        (shield currently unavailable)
rNeg    . . .        c - +0 leather armour
rPois   .            (no helmet)
rElec   .            (no cloak)
rCorr   .            (no gloves)
SInv    .            (no boots)
Will    .....        j - amulet of the acrobat
Stlth   ++           (no ring)
HPRegen 0.25/turn    (no ring)
MPRegen 0.09/turn

%: acrobat
@: acrobatic
A: fangs 1, strong nose, distributed training
a: Renounce Religion


You were on level 1 of the Dungeon.
You worshipped Vehumet.
Vehumet was aware of your devotion.
You visited 1 branch of the dungeon, and saw 1 of its levels.

You collected 27 gold pieces.

Inventory:

Hand Weapons
 a - a +0 shortbow (weapon)
 e - a +0 mace
 h - a +0 trident
 k - a +2 dagger of electrocution
Missiles
 d - 10 stones
 l - 4 poisoned darts
Armour
 c - a +0 leather armour (worn)
Jewellery
 j - an amulet of the acrobat (around neck)
Scrolls
 f - a scroll of noise {unknown}
 n - a scroll of identify {unknown}
Potions
 g - a potion of heal wounds {unknown}
 i - a potion of berserk rage {unknown}
 m - a potion of might {unknown}
 o - a potion of mutation {unknown}
 p - a potion of lignification {unknown}
 q - a potion of haste {unknown}


   Skills:
 + Level 4.5 Fighting
 + Level 0.8 Short Blades
 + Level 0.8 Long Blades
 + Level 0.8 Axes
 + Level 0.8 Maces & Flails
 + Level 0.8 Polearms
 + Level 0.8 Staves
 + Level 8.5 Ranged Weapons
 + Level 0.8 Throwing
 + Level 0.8 Armour
 + Level 4.5 Dodging
 + Level 2.4 Stealth
 + Level 0.8 Shields
 + Level 0.8 Unarmed Combat
 + Level 0.8 Spellcasting
 + Level 0.5 Conjurations
 + Level 0.5 Hexes
 + Level 0.5 Summonings
 + Level 0.5 Necromancy
 + Level 0.5 Translocations
 + Level 0.5 Transmutations
 + Level 0.5 Fire Magic
 + Level 0.5 Ice Magic
 + Level 0.5 Air Magic
 + Level 0.5 Earth Magic
 + Level 0.5 Poison Magic
 + Level 1.0 Invocations
 + Level 0.8 Evocations


You had 3 spell levels left.
You didn't know any spells.
Your spell library contained the following spells:

 Spells                   Type           Power      Damage    Failure   Level
 Foxfire                  Conj/Fire      4%         2x1d4     41%         1
 Magic Dart               Conj           4%         1d3       41%         1
 Searing Ray              Conj           2%         2d4       54%         2
 Fulminant Prism          Conj/Hex       0%         3d5       99%         4


Dungeon Overview and Level Annotations

Branches:
Dungeon (1/15)

Altars:
Vehumet


Innate Abilities, Weirdness & Mutations

You have very sharp teeth.
Your uncanny sense of smell can sniff out nearby items.
Your experience applies equally to all skills.


Message History

You hear an angry hiss. x2
A ball python comes into view.
The kobold hits you but does no damage.
A ball python comes into view.
Your Invocations skill increases to level 1!
You shoot an arrow. The arrow hits the kobold!
You kill the kobold!
Vehumet accepts your kill. The kobold barely misses you.
The kobold hits you but does no damage.
You shoot an arrow. The arrow hits the kobold.
You kill the kobold!
Vehumet accepts your kill. The kobold misses you.
Read: scroll of immolation
Press: ? - help, Q - select action, (/) - cycle Dir - look around, f - activate Look: a ball python (susceptible)
As you read the scroll of immolation, it crumbles to dust.
The creatures around you are filled with an inner flame!
The kobold hits you but does no damage. The kobold attacks as you move away!
The kobold hits you with a +0 short sword.
A ball python comes into view.
You shoot an arrow. The ball python hisses angrily.
The arrow hits the kobold!
Vehumet accepts your kill.
The kobold explodes!
The fiery explosion engulfs the endoplasm!!!
Vehumet accepts your kill.
The fiery explosion engulfs the quokka!!
You kill the quokka!
Vehumet accepts your kill. The fiery explosion engulfs you!
Ouch! That really hurt!
The fiery explosion engulfs the ball python!!
Vehumet accepts your kill.
The ball python explodes!
The fiery explosion engulfs you!!
Ouch! That really hurt!
You die...

#.........⌠...⌠.......#
##.##...............###.
#####..####.........####
#. #.......# ###########
#. #r...........# #.
#...r..#####.# .
#......# #.# #
#......#####.####### ###
#.......§§@........##
#..
........§§§..#####.†##
#†. ..J......§§§..#
##..####.. ....S......#
##....... ...........#
#....... ...........#
#....... ...........#
#....... .S......####
#....... ######.#


You could see 2 ball pythons.

Vanquished Creatures
  3 dart slugs (D:1)
  3 ball pythons (D:1)
  A bat (D:1)
  2 endoplasms (D:1)
  A giant cockroach (D:1)
  2 goblins (D:1)
  3 hobgoblins (D:1)
  4 jackals (D:1)
  A quokka (D:1)
  2 frilled lizards (D:1)
  4 kobolds (D:1)
  5 rats (D:1)
31 creatures vanquished.

Notes
Turn   | Place    | Note
-------+----------+-------------------------------------------
     0 | D:1      | tussin the Gnoll Hunter began the quest for the Orb.
     0 | D:1      | Reached XP level 1. HP: 20/20 MP: 1/1
   109 | D:1      | Reached XP level 2. HP: 25/26 MP: 2/2
   329 | D:1      | Reached XP level 3. HP: 19/31 MP: 3/3
   378 | D:1      | Found a faded altar of an unknown god.
   392 | D:1      | Prayed at the altar of an unknown god.
   392 | D:1      | Became a worshipper of Vehumet
   392 | D:1      | Reached * piety under Vehumet
   392 | D:1      | Offered knowledge of Foxfire by Vehumet.
   577 | D:1      | Reached skill level 1 in Invocations
   581 | D:1      | Killed by an exploding ball python... ignited by their
                  | inner flame

Illustrated notes

Levels and vault maps discovered:
D:1:      dpeg_arrival_stone_temple_mockup, layout_basic,
          hellmonk_ecumenical_altar_dog_temple

Skill      XL: |  1  2  3 |
---------------+----------+-----
Invocations    | 1 |  1.0
Fighting       | |  4.5
Short Blades   | |  0.8
Long Blades    | |  0.8
Axes           | |  0.8
Maces & Flails | |  0.8
Polearms       | |  0.8
Staves         | |  0.8
Ranged Weapons | |  8.5
Throwing       | |  0.8
Armour         | |  0.8
Dodging        | |  4.5
Stealth        | |  2.4
Shields        | |  0.8
Unarmed Combat | |  0.8
Spellcasting   | |  0.8
Conjurations   | |  0.5
Hexes          | |  0.5
Summonings     | |  0.5
Necromancy     | |  0.5
Translocations | |  0.5
Transmutations | |  0.5
Fire Magic     | |  0.5
Ice Magic      | |  0.5
Air Magic      | |  0.5
Earth Magic    | |  0.5
Poison Magic   | |  0.5
Evocations     | |  0.8

Action                     || total
---------------------------++-------
   Fire: Shortbow          ||    52
    Use: Potion            ||     1
         Scroll            ||     1
 Armour: Leather armour    ||    11
  Dodge: Dodged            ||    43
